[Event "SRB-chT Women 1st League 2019"]
[Site "Subotica"]
[Date "2019.08.23"]
[Round "2"]
[White "Bulmaga, Irina"]
[Black "Atalik, Ekaterina"]
[Result "1/2-1/2"]
[ECO "C54"]
[WhiteElo "2444"]
[BlackElo "2456"]
[Annotator "ChessBase"]
[PlyCount "54"]
[EventDate "2019.08.23"]
[EventType "team-tourn"]
[EventCountry "SRB"]
[SourceTitle "playchess.com"]
[Source "ChessBase"]
[SourceQuality "1"]
[TimeControl "40/5400+30:1800+30"]

1. e4 e5 2. Nf3 Nc6 3. Bc4 Bc5 4. c3 Nf6 5. d4 exd4 6. e5 d5 7. Bb5 Ne4 8. cxd4 Bb6 9. Nc3 Bg4 10. Be3 O-O 11. h3 Bh5 12. Qc2 Bg6 13. Qb3 Ne7 14. O-O c6 15. Bd3 Nd2 16. Nxd2 Bxd3 17. Rfe1 Bg6 18. Na4 Nf5 19. Nf3 Ba5 20. Re2 Nxe3 21. Qxe3 Qe7 22. Nc5 Rfe8 23. a3 Bd8 24. Rc1 Rc8 25. Nd3 Bb6 26. Nc5 Bd8 27. Nd3 Bb6 1/2-1/2

[Event "SRB-chT Women 1st League 2019"]
[Site "Subotica"]
[Date "2019.08.23"]
[Round "2"]
[White "Batsiashvili, Nino"]
[Black "Strutinskaia, Galina"]
[Result "1-0"]
[ECO "D43"]
[WhiteElo "2416"]
[BlackElo "2205"]
[Annotator "NA"]
[PlyCount "63"]
[EventDate "2019.08.23"]
[EventType "team-tourn"]
[EventCountry "SRB"]
[SourceTitle "playchess.com"]
[Source "ChessBase"]
[SourceQuality "1"]
[TimeControl "40/5400+30:1800+30"]

1. c4 e6 2. Nc3 d5 3. d4 Nf6 4. Nf3 c6 5. Bg5 h6 6. Bxf6 Qxf6 7. e3 Nd7 8. Bd3 g6 9. e4 dxc4 10. Bxc4 Bg7 11. O-O O-O 12. Qe2 e5 13. dxe5 Nxe5 14. Nxe5 Qxe5 15. f4 Qc5+ 16. Kh1 b5 17. Bb3 b4 18. Na4 Qa5 19. Rfc1 Ba6 20. Qg4 Bb5 21. Nc5 Kh7 22. f5 Qc7 23. Rd1 Qe5 24. Nd7 Qxb2 25. Bxf7 gxf5 26. Qg6+ Kh8 27. Rab1 Qc3 28. exf5 Rxf7 29. Qxf7 Bc4 30. Qg6 Bd5 31. f6 Rg8 32. fxg7+ 1-0

[Event "SRB-chT Women 1st League 2019"]
[Site "Subotica"]
[Date "2019.08.23"]
[Round "2"]
[White "Bojkovic, Natasa"]
[Black "Rapport, Jovana"]
[Result "1/2-1/2"]
[ECO "B15"]
[WhiteElo "2374"]
[BlackElo "2370"]
[Annotator "NA"]
[PlyCount "56"]
[EventDate "2019.08.23"]
[EventType "team-tourn"]
[EventCountry "SRB"]
[SourceTitle "playchess.com"]
[Source "ChessBase"]
[SourceQuality "1"]
[TimeControl "40/5400+30:1800+30"]

1. e4 c6 2. d4 d5 3. Nd2 dxe4 4. Nxe4 Nf6 5. Nxf6+ exf6 6. Bc4 Qe7+ 7. Qe2 Qxe2+ 8. Nxe2 Be6 9. Bd3 Bd6 10. Bf4 Bxf4 11. Nxf4 O-O 12. O-O-O Re8 13. Rhe1 Nd7 14. Re3 Nf8 15. Rde1 Red8 16. Nxe6 Nxe6 17. c3 Nf4 18. Bf1 Kf8 19. g3 Nd5 20. R3e2 Re8 21. Bg2 Nc7 22. Rxe8+ Rxe8 23. Rxe8+ Kxe8 24. Kd2 Kd7 25. Kd3 g6 26. a4 f5 27. f4 h5 28. a5 Kd6 1/2-1/2

[Event "SRB-chT Women 1st League 2019"]
[Site "Subotica"]
[Date "2019.08.23"]
[Round "2"]
[White "Chelushkina, Irina"]
[Black "Djukic, Sandra"]
[Result "1/2-1/2"]
[ECO "C00"]
[WhiteElo "2275"]
[BlackElo "2179"]
[Annotator "NA"]
[PlyCount "95"]
[EventDate "2019.08.23"]
[EventType "team-tourn"]
[EventCountry "SRB"]
[SourceTitle "playchess.com"]
[Source "ChessBase"]
[SourceQuality "1"]
[TimeControl "40/5400+30:1800+30"]

1. e4 c5 2. Nf3 e6 3. Qe2 Nc6 4. c3 Nge7 5. d3 d5 6. Qc2 b6 7. Be2 Bb7 8. O-O Ng6 9. a3 Be7 10. b4 a6 11. bxc5 bxc5 12. exd5 exd5 13. Re1 O-O 14. Nbd2 Rc8 15. Rb1 Ba8 16. Nf1 d4 17. c4 h6 18. Bd2 Bd6 19. Bd1 Nce5 20. Nxe5 Bxe5 21. Bg4 Rb8 22. Bf5 Rxb1 23. Qxb1 Qf6 24. Be4 Bxe4 25. Rxe4 Rb8 26. Qd1 Qc6 27. Qh5 Bd6 28. f4 Re8 29. Qd5 Rc8 30. Qxc6 Rxc6 31. Re8+ Kh7 32. g3 Rb6 33. Ra8 Rb3 34. Rxa6 Be7 35. Ra7 f5 36. a4 Rxd3 37. a5 Ra3 38. Rd7 Bf6 39. Rd5 d3 40. Kg2 Bd4 41. Rxf5 Ne7 42. Rf8 Nc6 43. Kf3 Nxa5 44. Ra8 Ra1 45. Rxa5 Rxf1+ 46. Ke4 Rf2 47. Kxd3 Rxh2 48. Be3 1/2-1/2

[Event "SRB-chT Women 1st League 2019"]
[Site "Subotica"]
[Date "2019.08.23"]
[Round "2"]
[White "Hejazipour, Mitra"]
[Black "Gaponenko, Inna"]
[Result "1/2-1/2"]
[ECO "B08"]
[WhiteElo "2251"]
[BlackElo "2446"]
[Annotator "NA"]
[PlyCount "67"]
[EventDate "2019.08.23"]
[EventType "team-tourn"]
[EventCountry "SRB"]
[SourceTitle "playchess.com"]
[Source "ChessBase"]
[SourceQuality "1"]
[TimeControl "40/5400+30:1800+30"]

1. e4 d6 2. d4 Nf6 3. Nc3 g6 4. Nf3 Bg7 5. Be2 O-O 6. O-O c6 7. a4 Qc7 8. Be3 e5 9. dxe5 dxe5 10. Qc1 Nh5 11. Bc5 Rd8 12. Rd1 b6 13. Ba3 Nf4 14. Rxd8+ Qxd8 15. Qd1 Qxd1+ 16. Rxd1 Nxe2+ 17. Nxe2 Nd7 18. Rd6 Bf8 19. Rxc6 Bxa3 20. bxa3 Ba6 21. Nc3 Rc8 22. Rxc8+ Bxc8 23. Nb5 Bb7 24. Nd2 a6 25. Nd6 Bc6 26. a5 bxa5 27. N2c4 a4 28. f3 Kf8 29. Na5 Ba8 30. Kf2 Ke7 31. Ndc4 f5 32. Ke3 Ke6 33. Nd2 Nc5 34. g3 1/2-1/2

[Event "SRB-chT Women 1st League 2019"]
[Site "Subotica"]
[Date "2019.08.23"]
[Round "2"]
[White "Injac, Teodora"]
[Black "Dimitrijevic, Aleksandra"]
[Result "1/2-1/2"]
[ECO "B28"]
[WhiteElo "2223"]
[BlackElo "2142"]
[Annotator "NA"]
[PlyCount "59"]
[EventDate "2019.08.23"]
[EventType "team-tourn"]
[EventCountry "SRB"]
[SourceTitle "playchess.com"]
[Source "ChessBase"]
[SourceQuality "1"]
[TimeControl "40/5400+30:1800+30"]

1. d4 d6 2. Nf3 Nf6 3. c4 c5 4. Nc3 cxd4 5. Nxd4 Nc6 6. e4 e6 7. Be2 Be7 8. O-O a6 9. Be3 Qc7 10. Nb3 O-O 11. Rc1 Nd7 12. Nd5 exd5 13. cxd5 Nf6 14. Bf3 Bd7 15. Nd4 Rac8 16. dxc6 bxc6 17. e5 dxe5 18. Nxc6 Bxc6 19. Rxc6 Qa5 20. Qb3 e4 21. Rxc8 Rxc8 22. Qb7 Re8 23. Be2 Qxa2 24. Rc1 Qd5 25. Qxa6 h5 26. Qc4 Qe5 27. Bd4 Qg5 28. Be3 Qe5 29. Bd4 Qg5 30. Be3 1/2-1/2

[Event "SRB-chT Women 1st League 2019"]
[Site "Subotica"]
[Date "2019.08.23"]
[Round "2"]
[White "Petronic, Sanja"]
[Black "Tadic, Katarina"]
[Result "1-0"]
[ECO "B28"]
[WhiteElo "2205"]
[BlackElo "2020"]
[Annotator "NA"]
[PlyCount "87"]
[EventDate "2019.08.23"]
[EventType "team-tourn"]
[EventCountry "SRB"]
[SourceTitle "playchess.com"]
[Source "ChessBase"]
[SourceQuality "1"]
[TimeControl "40/5400+30:1800+30"]

1. e4 c5 2. Nf3 a6 3. c3 d5 4. exd5 Nf6 5. d4 cxd4 6. Qa4+ Nbd7 7. Qxd4 b5 8. Be3 Bb7 9. c4 Qa5+ 10. Bd2 Qb6 11. cxb5 Qxd4 12. Nxd4 Nxd5 13. bxa6 Bxa6 14. Bxa6 Rxa6 15. Nc3 N7f6 16. Nxd5 Nxd5 17. Ke2 g6 18. Rhc1 Bg7 19. Rc8+ Kd7 20. Rxh8 Bxh8 21. Bc3 Nf4+ 22. Kf3 Nd5 23. Nb3 Ra8 24. Bxh8 Rxh8 25. Ke4 e6 26. f4 Rb8 27. g3 Nb4 28. Rd1+ Ke7 29. Nd4 f5+ 30. Kf3 Kf6 31. a3 Nd5 32. b4 Nc3 33. Rd3 Ne4 34. Nc6 Rb7 35. a4 g5 36. a5 Rc7 37. b5 g4+ 38. Ke3 Nc5 39. Rc3 Ne4 40. Rc2 Rd7 41. a6 Rd1 42. a7 Ra1 43. b6 Ra3+ 44. Ke2 1-0

[Event "SRB-chT Women 1st League 2019"]
[Site "Subotica"]
[Date "2019.08.23"]
[Round "2"]
[White "Blagojevic, Tijana"]
[Black "Srdanovic, Jovana"]
[Result "1/2-1/2"]
[ECO "B44"]
[WhiteElo "2155"]
[BlackElo "2005"]
[Annotator "NA"]
[PlyCount "57"]
[EventDate "2019.08.23"]
[EventType "team-tourn"]
[EventCountry "SRB"]
[SourceTitle "playchess.com"]
[Source "ChessBase"]
[SourceQuality "1"]
[TimeControl "40/5400+30:1800+30"]

1. e4 c5 2. Nf3 e6 3. d4 cxd4 4. Nxd4 Nc6 5. c4 Nf6 6. Nc3 Bb4 7. Nxc6 bxc6 8. Bd3 e5 9. O-O Bc5 10. Qe2 d6 11. Be3 Nd7 12. Na4 Bxe3 13. Qxe3 Qa5 14. Bc2 Nc5 15. Nxc5 Qxc5 16. Qxc5 dxc5 17. Ba4 Bd7 18. Rfd1 Ke7 19. Rd2 Rhb8 20. Rad1 Be8 21. g3 Rb4 22. b3 Rbb8 23. f3 f6 24. Kf2 Rd8 25. Rxd8 Rxd8 26. Rxd8 Kxd8 27. Ke3 Kc7 28. Kd3 a5 29. a3 1/2-1/2

[Event "SRB-chT Women 1st League 2019"]
[Site "Subotica"]
[Date "2019.08.23"]
[Round "2"]
[White "Maksimovic, Suzana"]
[Black "Velikic, Adela"]
[Result "0-1"]
[ECO "A29"]
[WhiteElo "2150"]
[BlackElo "2252"]
[Annotator "NA"]
[PlyCount "64"]
[EventDate "2019.08.23"]
[EventType "team-tourn"]
[EventCountry "SRB"]
[SourceTitle "playchess.com"]
[Source "ChessBase"]
[SourceQuality "1"]
[TimeControl "40/5400+30:1800+30"]

1. c4 e5 2. Nc3 Nf6 3. g3 d5 4. cxd5 Nxd5 5. Bg2 Nb6 6. Nf3 Nc6 7. O-O Be7 8. d3 O-O 9. Bd2 Be6 10. Qb1 a5 11. Rc1 f5 12. Rd1 Bf6 13. Qc2 g5 14. Qc1 g4 15. Ne1 a4 16. e4 f4 17. gxf4 exf4 18. Bxf4 a3 19. e5 Bh4 20. Qe3 axb2 21. Rab1 Ra3 22. Ne4 Nd5 23. Nf6+ Nxf6 24. exf6 Qxf6 25. Bxc6 bxc6 26. Rxb2 Bd5 27. Be5 Qf5 28. Ng2 Bg5 29. Qg3 h5 30. Ne3 Rxd3 31. Rbd2 Rxe3 32. fxe3 h4 0-1

[Event "SRB-chT Women 1st League 2019"]
[Site "Subotica"]
[Date "2019.08.23"]
[Round "2"]
[White "Marcetic, Marija"]
[Black "Manakova, Maria"]
[Result "0-1"]
[ECO "B33"]
[WhiteElo "2133"]
[BlackElo "2237"]
[Annotator "NA"]
[PlyCount "86"]
[EventDate "2019.08.23"]
[EventType "team-tourn"]
[EventCountry "SRB"]
[SourceTitle "playchess.com"]
[Source "ChessBase"]
[SourceQuality "1"]
[TimeControl "40/5400+30:1800+30"]

1. e4 c5 2. Nf3 Nc6 3. d4 cxd4 4. Nxd4 Nf6 5. Nc3 e5 6. Ndb5 d6 7. Bg5 a6 8. Na3 b5 9. Nd5 Be7 10. Bxf6 Bxf6 11. c3 O-O 12. Nc2 Bg5 13. h4 Bh6 14. g3 Rb8 15. Bh3 Be6 16. Bxe6 fxe6 17. Ndb4 Na5 18. O-O Qb6 19. a4 Nb3 20. Ra3 Nd2 21. axb5 Nxf1 22. Qxf1 axb5 23. Ra6 Qc7 24. Rc6 Qd7 25. Qd3 Qa7 26. Qe2 Rb6 27. Kg2 Rxc6 28. Nxc6 Qc5 29. N2b4 g6 30. h5 gxh5 31. Ne7+ Kh8 32. Nd3 Qc4 33. b3 Qc7 34. Qxh5 Qxe7 35. Qxh6 Rc8 36. Qh5 Qf8 37. b4 Qe8 38. Qg5 Qg6 39. Qh4 h6 40. f3 Qg5 41. Qh3 Rxc3 42. Nf2 Qe3 43. f4 Qf3+ 0-1

[Event "SRB-chT Women 1st League 2019"]
[Site "Subotica"]
[Date "2019.08.23"]
[Round "2"]
[White "Miladinovic, Lena"]
[Black "Benderac, Ana"]
[Result "0-1"]
[ECO "A84"]
[WhiteElo "2119"]
[BlackElo "2228"]
[Annotator "NA"]
[PlyCount "78"]
[EventDate "2019.08.23"]
[EventType "team-tourn"]
[EventCountry "SRB"]
[SourceTitle "playchess.com"]
[Source "ChessBase"]
[SourceQuality "1"]
[TimeControl "40/5400+30:1800+30"]

1. d4 f5 2. Nf3 Nf6 3. g3 b6 4. Bg2 Bb7 5. O-O e6 6. c4 Be7 7. Nc3 O-O 8. d5 Qc8 9. a3 a5 10. Bf4 Na6 11. Rc1 Nc5 12. Nb5 d6 13. b4 axb4 14. axb4 Na6 15. Ng5 e5 16. Bd2 c6 17. dxc6 Bxc6 18. Qb3 Bxg2 19. Kxg2 h6 20. c5+ d5 21. Nf3 bxc5 22. Nxe5 c4 23. Qb1 Ne4 24. Rfd1 Qb7 25. Ng6 Rfb8 26. Nd4 Bf8 27. Bf4 Bd6 28. Nxf5 Bxf4 29. Nxf4 Nxb4 30. f3 Nf6 31. Ne6 Ne8 32. Qb2 Ra2 33. Qe5 Nd3 34. Nxh6+ gxh6 35. Qf5 Rxe2+ 36. Kh1 Qf7 37. Qg4+ Ng7 38. Rxd3 cxd3 39. Rc7 Rb1+ 0-1

[Event "SRB-chT Women 1st League 2019"]
[Site "Subotica"]
[Date "2019.08.23"]
[Round "2"]
[White "Kezele, Tamara"]
[Black "Zarkovic, Mila"]
[Result "0-1"]
[ECO "B50"]
[WhiteElo "1982"]
[BlackElo "2141"]
[Annotator "NA"]
[PlyCount "64"]
[EventDate "2019.08.23"]
[EventType "team-tourn"]
[EventCountry "SRB"]
[SourceTitle "playchess.com"]
[Source "ChessBase"]
[SourceQuality "1"]
[TimeControl "40/5400+30:1800+30"]

1. e4 c5 2. Nf3 d6 3. c3 Nf6 4. Bd3 Bg4 5. Qb3 Qb6 6. Qxb6 axb6 7. e5 Bxf3 8. exf6 Bc6 9. fxe7 Bxe7 10. O-O O-O 11. Re1 Bf6 12. Na3 Nd7 13. Bf5 b5 14. Nc2 g6 15. Bxd7 Bxd7 16. d3 Bf5 17. Rd1 Be6 18. Na3 b4 19. cxb4 Rxa3 20. Bh6 Bxb2 21. Bxf8 Bxa1 22. Bxd6 Rxa2 23. Bxc5 Bc3 24. d4 Ra1 25. Rxa1 Bxa1 26. f3 Bc3 27. b5 Bc4 28. b6 f5 29. Kf2 Kf7 30. Ke3 Ke6 31. g4 fxg4 32. fxg4 Kd5 0-1

[Event "SRB-chT Women 1st League 2019"]
[Site "Subotica"]
[Date "2019.08.24"]
[Round "3"]
[White "Atalik, Ekaterina"]
[Black "Voyska, Margarita"]
[Result "1-0"]
[ECO "D04"]
[WhiteElo "2456"]
[BlackElo "2214"]
[Annotator "ChessBase"]
[PlyCount "99"]
[EventDate "2019.08.23"]
[EventType "team-tourn"]
[EventCountry "SRB"]
[SourceTitle "playchess.com"]
[Source "ChessBase"]
[SourceQuality "1"]
[TimeControl "40/5400+30:1800+30"]

1. Nf3 Nf6 2. e3 g6 3. b3 Bg7 4. Bb2 c5 5. d4 O-O 6. Nbd2 cxd4 7. exd4 d5 8. Bd3 Nc6 9. a3 Qb6 10. O-O Nh5 11. c3 Nf4 12. Bc2 Bg4 13. h3 Bd7 14. Re1 Rfe8 15. Ne5 Nxe5 16. dxe5 Bh6 17. Nf3 Rac8 18. Nd4 Ne6 19. Nxe6 Bxe6 20. Bd3 Red8 21. h4 Rc6 22. a4 a6 23. a5 Qc7 24. Qe2 Rxc3 25. Bxc3 Qxc3 26. g3 d4 27. f4 Bg4 28. Qxg4 Qxd3 29. Kh2 e6 30. Qd1 Qc3 31. Qc1 Qf3 32. Qd2 Bf8 33. Rab1 Rc8 34. Qg2 Qxg2+ 35. Kxg2 d3 36. Red1 Rc2+ 37. Kf3 d2 38. b4 Rc3+ 39. Kg2 Rc2 40. Rb3 f6 41. exf6 Kf7 42. Kf3 Kxf6 43. Ke2 Rc4 44. Rxd2 Bxb4 45. Ra2 Bd6 46. Rxb7 Bc7 47. Kd3 Rc6 48. Rc2 Rd6+ 49. Ke4 Bxa5 50. g4 1-0

[Event "SRB-chT Women 1st League 2019"]
[Site "Subotica"]
[Date "2019.08.24"]
[Round "3"]
[White "Gaponenko, Inna"]
[Black "Marcetic, Marija"]
[Result "1-0"]
[ECO "B56"]
[WhiteElo "2446"]
[BlackElo "2133"]
[Annotator "NA"]
[PlyCount "47"]
[EventDate "2019.08.23"]
[EventType "team-tourn"]
[EventCountry "SRB"]
[SourceTitle "playchess.com"]
[Source "ChessBase"]
[SourceQuality "1"]
[TimeControl "40/5400+30:1800+30"]

1. e4 c5 2. Nf3 Nc6 3. Nc3 d6 4. d4 cxd4 5. Nxd4 Nf6 6. f3 e5 7. Nb3 Be6 8. Nd5 Bxd5 9. exd5 Nb8 10. Be3 Nbd7 11. Be2 Be7 12. O-O O-O 13. c4 Nh5 14. Qd2 h6 15. g3 b6 16. f4 Nhf6 17. fxe5 Nxe5 18. Nd4 Nh7 19. h4 Bf6 20. Nf5 Rc8 21. Rac1 Re8 22. b3 Nf8 23. Nxd6 Nfd7 24. Rf2 1-0

[Event "SRB-chT Women 1st League 2019"]
[Site "Subotica"]
[Date "2019.08.24"]
[Round "3"]
[White "Stojanovic, Andjelija"]
[Black "Zivkovic, Vesna"]
[Result "1-0"]
[ECO "A46"]
[WhiteElo "2350"]
[BlackElo "2016"]
[Annotator "NA"]
[PlyCount "79"]
[EventDate "2019.08.23"]
[EventType "team-tourn"]
[EventCountry "SRB"]
[SourceTitle "playchess.com"]
[Source "ChessBase"]
[SourceQuality "1"]
[TimeControl "40/5400+30:1800+30"]

1. d4 Nf6 2. Bf4 d6 3. Nf3 Bf5 4. e3 e6 5. h3 h6 6. Bd3 Bxd3 7. Qxd3 c6 8. c4 Nbd7 9. Nc3 d5 10. c5 Be7 11. b4 O-O 12. O-O b6 13. a4 a5 14. b5 Qc8 15. cxb6 c5 16. dxc5 Bxc5 17. Rac1 Qb7 18. Ne2 Bxb6 19. Ned4 Rfe8 20. Nc6 Ne4 21. Nfe5 Ndc5 22. Qa3 f6 23. Nd3 Nxd3 24. Qxd3 Qf7 25. Bh2 Qh5 26. Rc2 Nc5 27. Qa3 Ne4 28. Rfc1 Kh8 29. Qd3 Qh4 30. Nd4 Bxd4 31. exd4 e5 32. dxe5 fxe5 33. Qxd5 Rad8 34. g3 Rxd5 35. gxh4 Re6 36. Rc6 Rf6 37. b6 Rxf2 38. b7 Rdd2 39. b8=Q+ Kh7 40. Qxe5 1-0

[Event "SRB-chT Women 1st League 2019"]
[Site "Subotica"]
[Date "2019.08.24"]
[Round "3"]
[White "Belenkaya, Dina"]
[Black "Bulmaga, Irina"]
[Result "1/2-1/2"]
[ECO "C00"]
[WhiteElo "2298"]
[BlackElo "2444"]
[Annotator "NA"]
[PlyCount "134"]
[EventDate "2019.08.23"]
[EventType "team-tourn"]
[EventCountry "SRB"]
[SourceTitle "playchess.com"]
[Source "ChessBase"]
[SourceQuality "1"]
[TimeControl "40/5400+30:1800+30"]

1. e4 c5 2. Nf3 e6 3. g3 Nc6 4. Bg2 Nf6 5. d3 d5 6. Nbd2 Be7 7. O-O Qc7 8. Re1 b6 9. exd5 Nxd5 10. Nc4 Bb7 11. a4 Rd8 12. Ng5 O-O 13. Bd2 h6 14. Ne4 Rfe8 15. Nc3 Nxc3 16. bxc3 Bf6 17. Qg4 Ba6 18. Bf4 e5 19. Bxh6 Bxc4 20. dxc4 Qc8 21. Qe4 Na5 22. Be3 g6 23. Rad1 Rxd1 24. Rxd1 Rd8 25. Rd5 Rxd5 26. cxd5 Nb7 27. f4 Nd6 28. Qd3 Qe8 29. fxe5 Bxe5 30. a5 c4 31. Qd2 bxa5 32. Bxa7 Nb5 33. Bd4 Bxd4+ 34. cxd4 c3 35. Qd3 a4 36. d6 Qe1+ 37. Qf1 Qe3+ 38. Qf2 Qxf2+ 39. Kxf2 Nxd6 40. Bd5 Nf5 41. Ke2 Nxd4+ 42. Kd3 Nb5 43. Kc4 Nc7 44. Bc6 a3 45. Kxc3 Kf8 46. Kb3 Ke7 47. Kxa3 Kd6 48. Bg2 g5 49. Kb4 f5 50. Kc4 Ke5 51. Bc6 Ne6 52. c3 f4 53. Bf3 Ng7 54. Kd3 Nf5 55. g4 Ng7 56. Be4 Ne6 57. Ba8 Nc5+ 58. Ke2 Na4 59. Kd2 Nc5 60. Bc6 Kd6 61. Bh1 Ke5 62. Ke2 Kd6 63. Ba8 Ke5 64. Bc6 Kd6 65. Bf3 Ke5 66. Ba8 Kd6 67. Bf3 Ke5 1/2-1/2

[Event "SRB-chT Women 1st League 2019"]
[Site "Subotica"]
[Date "2019.08.24"]
[Round "3"]
[White "Eric, Jovana"]
[Black "Bojicic, Andjela"]
[Result "1/2-1/2"]
[ECO "B52"]
[WhiteElo "2270"]
[BlackElo "2016"]
[Annotator "NA"]
[PlyCount "114"]
[EventDate "2019.08.23"]
[EventType "team-tourn"]
[EventCountry "SRB"]
[SourceTitle "playchess.com"]
[Source "ChessBase"]
[SourceQuality "1"]
[TimeControl "40/5400+30:1800+30"]

1. e4 c5 2. Nf3 d6 3. Bb5+ Bd7 4. Bxd7+ Qxd7 5. O-O Nc6 6. c3 Nf6 7. Re1 e6 8. d4 cxd4 9. cxd4 d5 10. e5 Ne4 11. Nbd2 Nxd2 12. Bxd2 Be7 13. Rc1 O-O 14. Rc3 Rac8 15. a3 f6 16. exf6 Bxf6 17. Bf4 Qf7 18. Bg3 Ne7 19. Rb3 Nf5 20. Ne5 Bxe5 21. Bxe5 Rc4 22. Rf3 Qe7 23. Qd2 Rfc8 24. Qf4 Nh4 25. Rfe3 Nf5 26. Rh3 Rf8 27. Qd2 Rfc8 28. Rb3 Rc2 29. Qf4 b6 30. h3 Qh4 31. g4 Nh6 32. Bd6 Nf7 33. Rf3 Qf6 34. Qe3 Qg6 35. Be7 Re8 36. Qf4 h6 37. Bb4 Ng5 38. Rfe3 Ne4 39. R3e2 Rec8 40. Kg2 Qf7 41. Qxf7+ Kxf7 42. f3 Nf6 43. Kg3 Rxe2 44. Rxe2 Rc4 45. Bc3 a5 46. h4 Nd7 47. g5 h5 48. Re3 a4 49. Re1 g6 50. Kf2 Nb8 51. Ke3 Nc6 52. Kd3 Ne7 53. Rh1 Nf5 54. f4 Ke8 55. Rh2 Kd7 56. Rh1 Kc6 57. Rh2 Kd7 1/2-1/2

[Event "SRB-chT Women 1st League 2019"]
[Site "Subotica"]
[Date "2019.08.24"]
[Round "3"]
[White "Belic, Jordanka"]
[Black "Injac, Teodora"]
[Result "0-1"]
[ECO "B53"]
[WhiteElo "2259"]
[BlackElo "2223"]
[Annotator "NA"]
[PlyCount "120"]
[EventDate "2019.08.23"]
[EventType "team-tourn"]
[EventCountry "SRB"]
[SourceTitle "playchess.com"]
[Source "ChessBase"]
[SourceQuality "1"]
[TimeControl "40/5400+30:1800+30"]

1. e4 c5 2. Nf3 d6 3. d4 cxd4 4. Qxd4 Nc6 5. Bb5 Bd7 6. Bxc6 Bxc6 7. Nc3 Nf6 8. Bg5 e6 9. O-O-O Be7 10. Rhe1 O-O 11. Qd2 Qa5 12. Nd4 Rfc8 13. f3 Be8 14. Nb3 Qc7 15. Bf4 Rd8 16. g4 b5 17. h4 b4 18. Ne2 a5 19. Kb1 a4 20. Nbc1 e5 21. g5 Nd7 22. Be3 Nb6 23. Bxb6 Qxb6 24. Ng3 d5 25. Nf5 Bf8 26. exd5 b3 27. Rxe5 f6 28. Rxe8 Rxe8 29. cxb3 axb3 30. Nxb3 Qa6 31. Nc1 Re5 32. Ne3 fxg5 33. Ng4 Rf5 34. hxg5 Qg6 35. Qd3 Rxg5 36. Qxg6 Rxg6 37. Ne2 Rd8 38. Nf4 Rg5 39. Ne3 Re5 40. Ne6 Rd6 41. Nc4 Rexe6 42. Nxd6 Rxd6 43. Kc2 h5 44. b4 h4 45. a4 Kf7 46. b5 h3 47. a5 h2 48. b6 Rxd5 49. Rxd5 h1=Q 50. b7 Qh2+ 51. Kb3 Bd6 52. a6 Bb8 53. Rd7+ Kf6 54. Rd8 Qc7 55. Rc8 Qb6+ 56. Kc2 Ba7 57. Ra8 Qxa6 58. b8=Q Qe2+ 59. Kb1 Bxb8 60. Rxb8 Ke5 0-1

[Event "SRB-chT Women 1st League 2019"]
[Site "Subotica"]
[Date "2019.08.24"]
[Round "3"]
[White "Strutinskaia, Galina"]
[Black "Bojkovic, Natasa"]
[Result "1/2-1/2"]
[ECO "E12"]
[WhiteElo "2205"]
[BlackElo "2374"]
[Annotator "NA"]
[PlyCount "47"]
[EventDate "2019.08.23"]
[EventType "team-tourn"]
[EventCountry "SRB"]
[SourceTitle "playchess.com"]
[Source "ChessBase"]
[SourceQuality "1"]
[TimeControl "40/5400+30:1800+30"]

1. d4 Nf6 2. Nf3 e6 3. c4 b6 4. Nc3 Bb7 5. a3 d5 6. e3 Nbd7 7. cxd5 exd5 8. Bd3 a6 9. Qc2 Bd6 10. b4 O-O 11. b5 Qe7 12. Qb3 a5 13. a4 Ne4 14. O-O Nxc3 15. Qxc3 Rfc8 16. Qb3 c5 17. bxc6 Rxc6 18. Bd2 Nf6 19. Rfc1 Rac8 20. Rxc6 Rxc6 21. Rc1 Qc7 22. Rb1 Bc8 23. Bb5 Rc2 24. Bd3 1/2-1/2

[Event "SRB-chT Women 1st League 2019"]
[Site "Subotica"]
[Date "2019.08.24"]
[Round "3"]
[White "Dimitrijevic, Aleksandra"]
[Black "Nestorovic, Katarina"]
[Result "1/2-1/2"]
[ECO "A70"]
[WhiteElo "2142"]
[BlackElo "2159"]
[Annotator "NA"]
[PlyCount "50"]
[EventDate "2019.08.23"]
[EventType "team-tourn"]
[EventCountry "SRB"]
[SourceTitle "playchess.com"]
[Source "ChessBase"]
[SourceQuality "1"]
[TimeControl "40/5400+30:1800+30"]

1. d4 Nf6 2. Be3 e6 3. Nf3 b6 4. g3 Bb7 5. Bg2 d5 6. O-O Be7 7. h3 O-O 8. Nbd2 c5 9. c3 Nc6 10. Nb3 c4 11. Nbd2 b5 12. a3 a5 13. Ne5 Nxe5 14. dxe5 Nd7 15. Bd4 Qc7 16. f4 Nc5 17. Kh2 Rab8 18. Qc2 Bc6 19. f5 exf5 20. Qxf5 Rbd8 21. Qf2 Bb7 22. Rae1 Rc8 23. Qf5 Rcd8 24. Qf2 Rc8 25. Qf5 Rcd8 1/2-1/2

[Event "SRB-chT Women 1st League 2019"]
[Site "Subotica"]
[Date "2019.08.24"]
[Round "3"]
[White "Tomin, Ksenija"]
[Black "Srdanovic, Jovana"]
[Result "1/2-1/2"]
[ECO "B23"]
[WhiteElo "2041"]
[BlackElo "2005"]
[Annotator "NA"]
[PlyCount "132"]
[EventDate "2019.08.23"]
[EventType "team-tourn"]
[EventCountry "SRB"]
[SourceTitle "playchess.com"]
[Source "ChessBase"]
[SourceQuality "1"]
[TimeControl "40/5400+30:1800+30"]

1. e4 c5 2. Nc3 Nc6 3. Bb5 Nd4 4. Nf3 Nxb5 5. Nxb5 a6 6. Nc3 e6 7. d4 cxd4 8. Qxd4 Ne7 9. Bf4 Nc6 10. Qd2 Be7 11. O-O O-O 12. Bd6 f6 13. Rad1 b5 14. Ne2 Bxd6 15. Qxd6 Qe7 16. b3 Qxd6 17. Rxd6 Kf7 18. Rfd1 Ke7 19. Nf4 Nd8 20. h4 Nf7 21. R6d2 Rd8 22. Nd4 Bb7 23. f3 g6 24. Nde2 Rac8 25. c3 g5 26. hxg5 fxg5 27. Nd3 g4 28. Kf2 d6 29. Ke3 Ng5 30. Nf2 gxf3 31. gxf3 d5 32. e5 d4+ 33. Nxd4 Rxc3+ 34. Rd3 Rxd3+ 35. Rxd3 Nf7 36. f4 Rg8 37. Ne4 Rg1 38. Nc5 Rg3+ 39. Kd2 Rxd3+ 40. Kxd3 Nd8 41. Nxb7 Nxb7 42. Nf3 h6 43. Kd4 Kd7 44. b4 Ke7 45. Ke4 Kd7 46. f5 exf5+ 47. Kxf5 Ke7 48. Nh4 Nd8 49. Ng6+ Kf7 50. Nf4 Nc6 51. e6+ Ke7 52. Ng6+ Ke8 53. Kf6 Nxb4 54. Nh8 Nd5+ 55. Ke5 Ne7 56. Nf7 h5 57. Kd6 Ng6 58. Ng5 h4 59. Nh3 Kd8 60. Ng5 Ke8 61. Nh3 Kd8 62. Ng5 Ke8 63. Nh3 Ne7 64. Nf4 Nf5+ 65. Ke5 Ne7 66. Kd6 Nf5+ 1/2-1/2

[Event "SRB-chT Women 1st League 2019"]
[Site "Subotica"]
[Date "2019.08.24"]
[Round "3"]
[White "Arsovic, Jelena"]
[Black "Stanimirovic, Marija"]
[Result "0-1"]
[ECO "B20"]
[WhiteElo "2034"]
[BlackElo "1896"]
[Annotator "NA"]
[PlyCount "76"]
[EventDate "2019.08.23"]
[EventType "team-tourn"]
[EventCountry "SRB"]
[SourceTitle "playchess.com"]
[Source "ChessBase"]
[SourceQuality "1"]
[TimeControl "40/5400+30:1800+30"]

1. e4 c5 2. Nf3 a6 3. a4 Nc6 4. Bc4 e6 5. Nc3 Nf6 6. Qe2 Nd4 7. Qd3 d5 8. Bb3 Nxb3 9. cxb3 d4 10. Ne2 Qa5 11. O-O b5 12. b4 Qxb4 13. axb5 Bb7 14. bxa6 Bxe4 15. Qa3 Qxa3 16. Rxa3 Bd6 17. Ra5 Bd3 18. Re1 Rxa6 19. Rxa6 Bxa6 20. b4 cxb4 21. Nexd4 O-O 22. Bb2 Nd5 23. Ra1 Bd3 24. Ne1 Bg6 25. Nb5 Bf4 26. Nf3 h6 27. g3 Bb8 28. Ne5 Bxe5 29. Bxe5 f6 30. Bb2 Rc8 31. Rc1 Ra8 32. Ra1 Rxa1+ 33. Bxa1 Nb6 34. Nc7 Kf7 35. Nb5 Nc4 36. d4 b3 37. Kg2 b2 38. Nd6+ Ke7 0-1